 Dungeon Crawl Stone Soup version 0.31.0-32-g396128a36d (webtiles) character file.

Game seed: 16812160759817412095

41654 PaiMei the Artisan of Death (level 13, -9/88 (106) HPs)
             Began as a Demonspawn Necromancer on Apr 15, 2024.
             Was a Priest of Kikubaaqudgha.
             Mangled by a spectral anaconda (11 damage)
             ... on level 5 of the Lair of Beasts.
             The game lasted 00:40:22 (30613 turns).

PaiMei the Artisan of Death (DsNe)                 Turns: 30613, Time: 00:40:23

HP:   -9/88 (106)   AC: 12    Str: 11    XL:     13   Next: 81%
MP:   37/37         EV: 19    Int: 19    God:    Kikubaaqudgha [***...]
Gold: 1120          SH:  0    Dex: 15    Spells: 21/34 levels left

rFire   . . .        I - +9 quarterstaff of Virtue {pain, Str+2}
rCold   . . .        (shield currently unavailable)
rNeg    . . .        X - +2 ring mail {rPois}
rPois   +            (helmet restricted)
rElec   .            U - +0 cloak
rCorr   .            O - +3 pair of gauntlets of War {Slay+5}
SInv    +            (no boots)
Will    .....        V - amulet of regeneration
Stlth   ++           J - ring of magical power
HPRegen 1.14/turn    v - ring of see invisible
MPRegen 0.25/turn

%: no passive effects
@: mighty, agile, constricted, heavily drained
A: antennae 1, powered by pain 2, sturdy frame 2, demonic magic 1
a: Renounce Religion, Unearth Wretches


You were on level 5 of the Lair of Beasts.
You worshipped Kikubaaqudgha.
Kikubaaqudgha was most pleased with you.
You visited 3 branches of the dungeon, and saw 16 of its levels.

You collected 1120 gold pieces.

Inventory:

Hand Weapons
 I - the +9 quarterstaff of Virtue (weapon) {pain, Str+2}
   (You found it on level 5 of the Dungeon)

   Str+2:     It affects your strength (+2).
 M - a +4 long sword of freezing
Missiles
 a - 44 poisoned darts
 h - 2 throwing nets
 x - 2 atropa-tipped darts (quivered)
 S - 2 curare-tipped darts
Armour
 O - the +3 pair of gauntlets of War (worn) {Slay+5}
   (You found it on level 7 of the Dungeon)

   Slay+5:    It affects your accuracy & damage with ranged weapons and melee
   (+5).
 U - a +0 cloak (worn)
 X - a +2 ring mail of poison resistance (worn)
Magical Staves
 T - a staff of death
Jewellery
 e - a ring of resist corrosion
 n - a ring of ice
 v - a ring of see invisible (right hand)
 J - a ring of magical power (left hand)
 V - an amulet of regeneration (around neck)
 W - a ring of protection from cold
Wands
 q - a wand of roots (11)
 F - a wand of charming (5)
 Q - a wand of light (13)
Scrolls
 d - 2 scrolls of fog {unknown}
 g - 3 scrolls of blinking
 i - 4 scrolls of vulnerability
 j - 3 scrolls of enchant weapon
 l - 2 scrolls of enchant armour
 m - 2 scrolls of teleportation
 p - a scroll of fear {unknown}
 s - 3 scrolls of immolation {unknown}
 u - 2 scrolls of poison {unknown}
 y - 2 scrolls of amnesia
 C - 2 scrolls of revelation
 E - 2 scrolls of brand weapon {unknown}
 H - 2 scrolls of identify
 L - a scroll of butterflies {unknown}
 N - a scroll of silence {unknown}
Potions
 b - 3 potions of magic
 c - 2 potions of enlightenment
 f - 5 potions of degeneration {unknown}
 k - a potion of cancellation {unknown}
 r - 3 potions of brilliance {unknown}
 t - 3 potions of lignification {unknown}
 w - a potion of experience {unknown}
 z - 3 potions of mutation {unknown}
 A - 2 potions of curing {unknown}
 B - 4 potions of might
 D - 2 potions of ambrosia {unknown}
 G - 4 potions of attraction {unknown}
 K - 2 potions of resistance {unknown}
 P - a potion of invisibility {unknown}


   Skills:
 - Level 11.2 Fighting
 + Level 4.3 Staves
 + Level 11.4 Dodging
 - Level 2.1 Stealth
 + Level 11.4 Spellcasting
 + Level 14.0 Necromancy


You had 21 spell levels left.
You knew the following spells:

 Your Spells              Type           Power      Damage    Failure   Level
a - Necrotise             Necr           100%       1d9       1%          1
b - Vampiric Draining     Necr           59%        2d10      1%          3
c - Animate Dead          Necr           59%        N/A       1%          4
d - Curse of Agony        Necr           59%        N/A       1%          5

Your spell library contained the following spells:

 Spells                   Type           Power      Damage    Failure   Level
 Cigotuvi's Dreadful Rot  Necr/Alch/Air  56%        N/A       1%          2
 Sublimation of Blood     Necr           59%        N/A       1%          2
 Death Channel            Necr           29%        N/A       3%          6
 Anguish                  Hex/Necr       18%        N/A       4%          4
 Martyr's Knell           Necr/Summ      37%        N/A       4%          4
 Magic Dart               Conj           40%        1d5       8%          1
 Sting                    Conj/Alch      40%        1d5       8%          1
 Summon Small Mammal      Summ           40%        N/A       8%          1
 Blink                    Tloc           20%        N/A       11%         2
 Call Imp                 Summ           20%        N/A       11%         2
 Mercury Vapours          Alch/Air       20%        N/A       11%         2
 Borgnjor's Vile Clutch   Necr/Erth      18%        N/A       12%         5
 Hailstorm                Conj/Ice       10%        3d6       22%         3
 Summon Ice Beast         Ice/Summ       10%        N/A       22%         3
 Cause Fear               Hex            5%         N/A       58%         4
 Olgreb's Toxic Radiance  Alch           10%        N/A       58%         4
 Summon Blazeheart Golem  Fire/Summ      10%        N/A       58%         4
 Summon Mana Viper        Hex/Summ       10%        N/A       90%         5
 Sculpt Simulacrum        Ice/Alch       5%         N/A       100%        6
 Enfeeble                 Hex            5%         N/A       100%        7
 Monstrous Menagerie      Summ           5%         N/A       100%        7
 Orb of Destruction       Conj           5%         9d5       100%        7
 Spellforged Servitor     Conj/Summ      5%         N/A       100%        7
 Summon Hydra             Summ           5%         N/A       100%        7


Dungeon Overview and Level Annotations

Branches:
Dungeon (10/15)            Temple (1/1) D:7            Lair (5/5) D:8
  Swamp (0/4) Lair:3        Snake (0/4) Lair:2        Slime (0/5) Lair:4
    Orc (0/2) D:9

Altars:
Ashenzari
Cheibriados
Dithmenos
Fedhas
Gozag
Hepliaklqana
Kikubaaqudgha
Makhleb
Nemelex Xobeh
Okawaru
Qazlal
Ru
Sif Muna
Trog
Uskayaw
Vehumet
Wu Jian
Xom
Yredelemnul
Jiyva

Shops:
D:6 :   D:9 ([   D:10 [

Annotations:
Lair:2 2 transporters, jimmypageman's ghost, journeyman MiFi
Lair:5 exclusion: obsidian statue


Innate Abilities, Weirdness & Mutations

You have a pair of small antennae on your head.
You sometimes gain power by taking damage.
Your movements are less encumbered by armour. (ER -4)
Spells you cast may paralyse adjacent enemies.


Message History

The spectral anaconda's grasp on you weakens, but your attempt to escape fails.
The spectral anaconda bites you.
* * * LOW HITPOINT WARNING * * *
You feel drained.
* * * LOW HITPOINT WARNING * * *
The spectral anaconda constricts you. The spectral anaconda bites you!
* * * LOW HITPOINT WARNING * * *
The spectral anaconda constricts you.
* * * LOW HITPOINT WARNING * * *
Blink to where?
Press: ? - help, Dir - move target You escape the spectral anaconda's grasp.
As you read the scroll of blinking, it crumbles to dust.
As you read the scroll of teleportation, it crumbles to dust.
You feel strangely unstable.
Your surroundings seem slightly different.
You bludgeon the spectral anaconda!!
The spectral anaconda is heavily damaged.
The spectral anaconda barely misses you.
The spectral anaconda bites you!
* * * LOW HITPOINT WARNING * * *
You feel drained.
* * * LOW HITPOINT WARNING * * *
The spectral anaconda grabs you. The spectral anaconda bites you.
* * * LOW HITPOINT WARNING * * *
The spectral anaconda constricts you.
You feel very mighty all of a sudden. The spectral anaconda bites you.
* * * LOW HITPOINT WARNING * * *
You feel drained.
* * * LOW HITPOINT WARNING * * *
The spectral anaconda constricts you.
* * * LOW HITPOINT WARNING * * *
The spectral anaconda closely misses you.
The spectral anaconda constricts you.
You hit the spectral anaconda.
The spectral anaconda is heavily damaged.
The spectral anaconda bites you!
You die...
Kikubaaqudgha rasps: "You have failed me!
Welcome... death!"

.P.#.P...............(.♣....♣♣...
.........P.............♣....♣.P..
..........P............♣♣♣.♣♣.P..
#.##......P.............♣♣♣♣.....
##.#.#...PP......................
..........P........^.............
.......#.........................
..##....#p......................#
.....#[........Z@................
#.....................#.#........
#..................♣...#....P....
.#P...............♣♣♣♣♣♣......#..
###........................#.###.
##.p#..##........#♣♣♣♣♣♣..#.#.##.
#....#.........P..♣♣.......#.##..
#....#.#......#...♣............#.
#§......................#..#..P..


You could see a spectral anaconda and a necromancer.

Vanquished Creatures
  A dire elephant (Lair:5)
  2 hydras
  3 two-headed ogres
  7 death yaks
  A spectral death yak (Lair:5)
  A salamander (Lair:2)
  A dire elephant zombie (Lair:5)
  2 elephants (Lair:5)
  3 black mambas
  11 cane toads
  A gargoyle (D:10)
  A dire elephant skeleton (Lair:5)
  A rime drake (Lair:3)
  8 komodo dragons
  Grinder (D:5)
  A tyrant leech (Lair:3)
  A polar bear (Lair:4)
  A hornet (D:10)
  9 dream sheep
  A glass eye (D:10)
  10 blink frogs
  A slime creature (D:10)
  A wyvern (D:9)
  8 yaks
  3 basilisks
  2 steam dragons
  Menkaure (D:7)
  A naga (Lair:2)
  2 swamp worms (Lair:3)
  11 water moccasins
  Duvessa (D:4)
  2 black bears (D:5)
  4 orc warriors
  A sky beast (D:7)
  A laughing skull (D:9)
  8 wolves
  4 centaurs
  4 ogres
  An elephant skeleton (Lair:5)
  5 kobold brigands
  Blork the orc (D:6)
  11 bullfrogs
  A gnoll sergeant (D:8)
  A wyvern zombie (D:7)
  3 scorpions
  Dowan (D:4)
  13 wights
  10 killer bees
  A bullfrog zombie (D:7)
  4 howler monkeys
  A bombardier beetle (D:5)
  2 centaur zombies (D:7)
  A hound (D:4)
  A gnoll bouda (D:8)
  3 orc priests
  5 jellies
  2 sleepcaps
  Natasha (twice) (D:4)
  Terence (D:3)
  3 orc wizards
  Robin (D:4)
  A howler monkey zombie (D:7)
  9 gnolls (D:8)
  13 adders
  A river rat (D:6)
  A shadow imp (D:6)
  2 white imps (D:6)
  4 dart slugs
  13 orcs
  8 bats
  5 endoplasms
  6 giant cockroaches
  14 goblins
  5 hobgoblins
  3 jackals
  17 kobolds
  2 quokkas
  8 ball pythons
  3 frilled lizards
  3 rats
314 creatures vanquished.

Vanquished Creatures (collateral kills)
  A dire elephant (Lair:5)
  A hydra (Lair:4)
  A catoblepas (Lair:4)
  A necromancer (Lair:5)
  3 black mambas
  4 cane toads
  A rime drake (Lair:5)
  A komodo dragon (Lair:1)
  9 blink frogs
  3 spectral elephants (Lair:5)
  4 dream sheep (Lair:5)
  A slime creature (Lair:4)
  9 yaks
  A wyvern (Lair:5)
  A basilisk (Lair:1)
  A death yak simulacrum (Lair:5)
  A naga (Lair:2)
  3 water moccasins
  6 wolves
  2 bullfrogs (Lair:3)
  A killer bee (D:9)
  A howler monkey (D:9)
  An electric eel (Lair:2)
  A jelly (Lair:4)
  A ribbon worm (D:2)
  A ball python (D:1)
  A goblin (D:1)
  A kobold (D:7)
  A rat (D:1)
63 creatures vanquished.

Vanquished Creatures (others)
  2 swamp worm zombies (Lair:3)
  A hydra zombie (Lair:5)
  4 black mamba zombies
  3 cane toad zombies
  4 blink frog zombies (Lair:5)
  2 komodo dragon zombies
  2 wyvern zombies
  2 water moccasin zombies (Lair:4)
  A yak zombie (Lair:3)
  A wolf zombie (Lair:3)
  An orc wizard (D:9)
  A naga zombie (Lair:2)
24 creatures vanquished.

Grand Total: 401 creatures vanquished

Notes
Turn   | Place    | Note
-------+----------+-------------------------------------------
     0 | D:1      | PaiMei the Demonspawn Necromancer began the quest for the
                  | Orb.
     0 | D:1      | Reached XP level 1. HP: 13/13 MP: 3/3
   212 | D:1      | Gained mutation: You have a pair of small antennae on your
                  | head. [demonic ancestry]
   212 | D:1      | Reached XP level 2. HP: 19/19 MP: 0/5
   562 | D:1      | Reached XP level 3. HP: 25/25 MP: 4/6
   566 | D:1      | Learned a level 3 spell: Vampiric Draining
  1556 | D:2      | Reached skill level 1 in Fighting
  1746 | D:2      | Reached XP level 4. HP: 32/32 MP: 5/7
  2547 | D:3      | Reached skill level 5 in Necromancy
  2717 | D:3      | Noticed an ogre
  2720 | D:3      | Killed an ogre
  2721 | D:3      | Gained mutation: Your movements are slightly less
                  | encumbered by armour. (ER -2) [demonic ancestry]
  2721 | D:3      | Reached XP level 5. HP: 38/38 MP: 1/9
  3829 | D:3      | Reached XP level 6. HP: 46/46 MP: 6/10
  4101 | D:3      | Noticed Terence
  4108 | D:3      | Killed Terence
  4948 | D:4      | You fall into a shaft and drop 1 floor!
  4948 | D:5      | Entered Level 5 of the Dungeon
  5424 | D:4      | Reached skill level 6 in Necromancy
  5424 | D:4      | Gained mutation: You sometimes gain a little power by
                  | taking damage. [demonic ancestry]
  5424 | D:4      | Reached XP level 7. HP: 52/52 MP: 4/12
  5502 | D:4      | Noticed Duvessa
  5502 | D:4      | Noticed Dowan
  5621 | D:5      | Noticed a steam dragon
  5874 | D:4      | Killed Duvessa
  6119 | D:4      | Killed Dowan
  6727 | D:4      | Noticed Robin
  6746 | D:4      | Killed Robin
  6879 | D:4      | Noticed Natasha
  6883 | D:4      | Killed Natasha
  7085 | D:4      | Found an ornate altar of the Wu Jian Council.
  7151 | D:5      | Found an iron altar of Okawaru.
  7408 | D:4      | Noticed Natasha
  7415 | D:4      | Killed Natasha
  7579 | D:5      | Reached XP level 8. HP: 59/60 MP: 3/14
  7686 | D:5      | Found a radiant altar of Vehumet.
  7872 | D:5      | Identified the +9 quarterstaff of Virtue {pain, Str+2}
  7948 | D:5      | Reached skill level 7 in Necromancy
  8072 | D:5      | Noticed Grinder
  8079 | D:5      | Paralysed by Grinder for 2 turns
  8099 | D:5      | Paralysed by Grinder for 5 turns
  8110 | D:5      | Killed Grinder
  8111 | D:5      | Reached skill level 5 in Dodging
  8111 | D:5      | Reached skill level 5 in Spellcasting
  8246 | D:5      | Reached skill level 5 in Fighting
  8944 | D:6      | Noticed Blork the orc
  8951 | D:6      | Killed Blork the orc
  9100 | D:6      | Reached XP level 9. HP: 67/68 MP: 13/17
  9185 | D:6      | Reached skill level 8 in Necromancy
  9337 | D:6      | Found Vozeq's Self-Published Books.
  9838 | D:7      | Found the +3 pair of gauntlets of War {Slay+5}
  9838 | D:7      | Found a staircase to the Ecumenical Temple.
 10160 | Temple   | Entered the Ecumenical Temple
 10169 | Temple   | Became a worshipper of Kikubaaqudgha
 10185 | D:7      | Learned a level 4 spell: Animate Dead
 10191 | D:7      | Learned a level 5 spell: Curse of Agony
 10396 | D:7      | Noticed Menkaure
 10408 | D:7      | Killed Menkaure
 11517 | D:8      | Reached skill level 9 in Necromancy
 12089 | D:8      | Gained mutation: Your movements are less encumbered by
                  | armour. (ER -4) [demonic ancestry]
 12089 | D:8      | Reached XP level 10. HP: 76/79 MP: 20/20
 12368 | D:8      | Found a staircase to the Lair.
 12376 | D:8      | Reached * piety under Kikubaaqudgha
 12376 | D:8      | Received a gift from Kikubaaqudgha
 12989 | D:8      | Noticed a two-headed ogre
 12998 | D:8      | Killed a two-headed ogre
 14464 | D:9      | Noticed a two-headed ogre
 14469 | D:9      | Killed a two-headed ogre
 14470 | D:9      | Reached skill level 10 in Necromancy
 14813 | D:9      | Found Sisoazeg's Weapon Emporium.
 14813 | D:9      | Found a staircase to the Orcish Mines.
 14815 | D:9      | Found Xezesaoj's Armour Emporium.
 15423 | D:9      | Noticed a two-headed ogre
 15523 | D:9      | Killed a two-headed ogre
 15524 | D:9      | Reached XP level 11. HP: 51/87 MP: 23/23
 15952 | D:10     | Entered Level 10 of the Dungeon
 16316 | D:10     | Paralysed by a hornet for 2 turns
 16329 | D:10     | HP: 4/87 [gargoyle/+0 morningstar (15)]
 17368 | D:10     | Reached ** piety under Kikubaaqudgha
 18333 | D:10     | Found Dumec's Antique Armour Shoppe.
 18567 | Lair:1   | Entered Level 1 of the Lair of Beasts
 19221 | Lair:1   | Reached skill level 11 in Necromancy
 20546 | Lair:1   | You fall into a shaft and drop 1 floor!
 21453 | Lair:2   | Gained mutation: Spells you cast may paralyse adjacent
                  | enemies. [demonic ancestry]
 21453 | Lair:2   | Reached XP level 12. HP: 86/97 MP: 25/25
 21537 | Lair:2   | Got the Omnibus of Friendly Resurrection
 21596 | Lair:2   | Identified the +3 leather armour of Courage {rN+ Will+
                  | Str-3}
 21767 | Lair:2   | Found a staircase to the Snake Pit.
 21970 | Lair:2   | Found a transporter.
 21975 | Lair:2   | Reached skill level 10 in Fighting
 22084 | Lair:2   | Noticed an eight-headed hydra
 22084 | Lair:2   | Noticed a death yak
 22084 | Lair:2   | Noticed a death yak
 22088 | Lair:2   | Noticed a death yak
 22124 | Lair:2   | Killed a death yak
 22485 | Lair:2   | Noticed a death yak
 22486 | Lair:2   | Noticed a death yak
 22486 | Lair:2   | Noticed a death yak
 22503 | Lair:1   | Killed a death yak
 22504 | Lair:1   | Reached skill level 12 in Necromancy
 22876 | Lair:2   | Found a transporter.
 23017 | Lair:2   | Noticed jimmypageman's ghost (journeyman MiFi)
 23063 | Lair:1   | Killed a death yak
 23275 | Lair:1   | Killed a death yak
 23547 | Lair:1   | Killed a death yak
 23873 | Lair:2   | Killed a death yak
 24298 | Lair:3   | Reached skill level 10 in Spellcasting
 24305 | Lair:3   | Noticed a six-headed hydra
 24645 | Lair:3   | Reached skill level 10 in Dodging
 24904 | Lair:3   | Noticed a death yak
 24914 | Lair:3   | Killed a death yak
 25089 | Lair:3   | Killed a six-headed hydra
 25626 | Lair:3   | Found a staircase to the Swamp.
 26035 | Lair:4   | Reached skill level 13 in Necromancy
 26037 | Lair:4   | Gained mutation: You sometimes gain power by taking damage.
                  | [demonic ancestry]
 26037 | Lair:4   | Reached XP level 13. HP: 76/106 MP: 27/27
 26399 | Lair:4   | Found a staircase to the Slime Pits.
 26449 | Lair:4   | Found a viscous altar of Jiyva.
 26612 | Lair:4   | Reached skill level 1 in Staves
 27111 | Lair:5   | Entered Level 5 of the Lair of Beasts
 28015 | Lair:5   | Reached *** piety under Kikubaaqudgha
 28015 | Lair:5   | Received a gift from Kikubaaqudgha
 28046 | Lair:5   | Noticed a dire elephant
 28046 | Lair:5   | Noticed a dire elephant
 29023 | Lair:5   | Killed a dire elephant
 30238 | Lair:5   | Killed a dire elephant
 30562 | Lair:5   | Reached skill level 14 in Necromancy
 30612 | Lair:5   | HP: 3/90 [spectral anaconda (6)]
 30612 | Lair:5   | HP: 1/88 [constriction (1)]
 30613 | Lair:5   | Mangled by a spectral anaconda

Illustrated notes

Levels and vault maps discovered:
D:1:      scummos_arrival_star, layout_basic
D:2:      layout_rooms
D:3:      layout_basic, nicolae_half_adder, uniq_terence
D:4:      layout_basic, mainiacjoe_overflow_alcove_1, amethyst_killhole,
          uniq_natasha, uniq_duvessa, uniq_robin
D:5:      layout_rooms, mainiacjoe_overflow_catwalk,
          mainiacjoe_overflow_alcove_4, minivault_5, uniq_grinder
D:6:      layout_loops_ring, gup_sewer_entry_spiral, nicolae_custom_books,
          uniq_blork_the_orc
D:7:      layout_loops_cross, minmay_temple_entry_proselytizer, serial_undead,
          serial_undead_e, serial_undead_e, serial_undead_f, serial_undead_f,
          uniq_menkaure
D:8:      layout_basic, grunt_lair_entry_orc_guard_hut
D:9:      layout_roguey, orc_david_3, minmay_misc_feat_four_crosses
D:10:     hangedman_cross_stitches, layout_rooms, serial_shops,
          nicolae_shop_window_shopping, shop, nicolae_shop_hallway_plus,
          nicolae_shop_tiny_waterfront, onia_ninara_cookie
Temple:   hellmonk_temple_of_storms
Lair:1:   layout_roguey
Lair:2:   layout_roguey, alex1729_snake_entry_snake,
          gammafunk_ghost_berserking_beasts, basic_altar, serial_bayou_shore_a
Lair:3:   layout_gridlike, palyth_hydra_swamp_entry, amcnicky_mini_pool_medium,
          infiniplex_staircase_pool
Lair:4:   layout_loops_ring, minmay_slime_entry_pillars
Lair:5:   due_jungle_book, layout_layer_cave, serial_forest,
          infiniplex_forest_clump_small, infiniplex_forest_corner_2,
          infiniplex_forest_lined_room_3, infiniplex_forest_side_room,
          infiniplex_forest_straight_2, infiniplex_forest_end_double,
          infiniplex_forest_split, infiniplex_forest_join,
          infiniplex_forest_clump_small

Skill      XL: |  1  2  3  4  5  6  7  8  9 10 11 12 13 |
---------------+----------------------------------------+-----
Stealth        | 2 |  2.1
Dodging        | 2 3 4 5 6 8 9 10 11 | 11.4
Fighting       | 1 2 3 4 5 7 8 9 11 | 11.2
Necromancy     | 5 6 7 9 10 11 13 14 | 14.0
Spellcasting   | 3 4 5 6 8 9 10 11 | 11.4
Staves         | 4 |  4.3

Action                     |  1- 3 |  4- 6 |  7- 9 | 10-12 | 13-15 || total
---------------------------+-------+-------+-------+-------+-------++-------
  Melee: Dagger            |     6 |       |       |       |       ||     6
         Unarmed           |     1 |       |       |       |       ||     1
         Short sword       |    21 |    11 |       |       |       ||    32
         Mace              |       |     4 |    48 |       |       ||    52
         Quarterstaff      |       |       |    90 |   237 |   149 ||   476
   Cast: Necrotise         |    62 |    56 |    96 |    69 |    23 ||   306
         Vampiric Draining |       |    17 |    69 |   176 |    37 ||   299
         Curse of Agony    |       |       |       |    36 |    12 ||    48
         Animate Dead      |       |       |       |    14 |     4 ||    18
  Evoke: Wand              |       |       |       |     4 |       ||     4
    Use: Potion            |       |       |     3 |     1 |     2 ||     6
         Scroll            |       |       |       |    10 |     2 ||    12
   Stab: Distracted        |     1 |       |       |     3 |       ||     4
         Paralysed         |       |       |       |    18 |    22 ||    40
 Armour: Robe              |    21 |    41 |    47 |       |       ||   109
         Steam dragon scal |       |       |   120 |   132 |       ||   252
         Scale mail        |       |       |       |   179 |    24 ||   203
         Ring mail         |       |       |       |       |   184 ||   184
  Dodge: Dodged            |    31 |    28 |   166 |   327 |   164 ||   716
  Block: Buckler           |       |    11 |    15 |       |       ||    26
